 Dungeon Crawl Stone Soup version 0.30.1-4-g462c640d31 (webtiles) character file.

Game seed: 10637313118233776887

8 Mune the Firebug (level 2, -1/19 HPs)
             Began as a Human Fire Elementalist on Aug 13, 2023.
             Slain by a hobgoblin (3 damage)
             ... on level 1 of the Dungeon.
             The game lasted 00:01:13 (565 turns).

Mune the Firebug (Human Fire Elementalist)           Turns: 565, Time: 00:01:14

Health: -1/19      AC:  2    Str:  8    XL:     2   Next: 15%
Magic:  1/5        EV: 12    Int: 15    God:
Gold:   33         SH:  0    Dex: 13    Spells: 4/5 levels left

rFire   . . .        e - +0 dagger
rCold   . . .        (no shield)
rNeg    . . .        a - +0 robe
rPois   .            (no helmet)
rElec   .            (no cloak)
rCorr   .            (no gloves)
SInv    .            (no boots)
Will    .....        (no amulet)
Stlth   ++           (no ring)
HPRegen 0.23/turn    (no ring)
MPRegen 0.09/turn

%: no passive effects
@: very slightly contaminated
A: no striking features
a: no special abilities


You were on level 1 of the Dungeon.
You visited 1 branch of the dungeon, and saw 1 of its levels.

You collected 33 gold pieces.

Inventory:

Hand Weapons
 e - a +0 dagger (weapon)
Armour
 a - a +0 robe (worn)
Scrolls
 c - a scroll of blinking {unknown}
 f - a scroll of brand weapon {unknown}
Potions
 b - a potion of magic
 d - 2 potions of attraction {unknown}


   Skills:
 + Level 2.2 Dodging
 - Level 2.0 Stealth
 - Level 2.0 Spellcasting
 - Level 1.0 Conjurations
 * Level 3.3 Fire Magic


You had 4 spell levels left.
You knew the following spells:

 Your Spells              Type           Power      Damage    Failure   Level
a - Foxfire               Conj/Fire      32%        2x1d5     9%          1

Your spell library contained the following spells:

 Spells                   Type           Power      Damage    Failure   Level
 Scorch                   Fire           22%        2d6       9%          2
 Freeze                   Ice            4%         1d3       22%         1
 Inner Flame              Hex/Fire       6%         N/A       32%         3
 Volatile Blastmotes      Fire/Tloc      12%        2d11      32%         3
 Hailstorm                Conj/Ice       3%         3d3       47%         3
 Frozen Ramparts          Ice            2%         1d1       54%         3
 Flame Wave               Conj/Fire      8%         2d5       65%         4


Dungeon Overview and Level Annotations

Branches:
Dungeon (1/15)

Altars:


Message History

An endoplasm and 2 hobgoblins come into view.
The hobgoblin shouts!
The endoplasm quivers.
The endoplasm moves out of view.
There are monsters nearby!
There is an open door here.
The hobgoblin shouts!
You conjure some foxfire!
The hobgoblin misses you.
You conjure some foxfire!
The foxfire hits the hobgoblin but does no damage.
The foxfire hits the hobgoblin.
The hobgoblin is moderately wounded.
The hobgoblin hits you.
The foxfire hits the endoplasm but does no damage.
The hobgoblin barely misses you.
You miscast Foxfire.
You are very lightly contaminated with residual magic.
Nothing appears to happen.
The foxfire hits the hobgoblin.
The hobgoblin is lightly wounded.
The hobgoblin hits you. The hobgoblin closely misses you.
There are monsters nearby!
You conjure some foxfire!
The hobgoblin hits you. The endoplasm freezes you.
You are frozen.
The hobgoblin hits you.
You are too injured to fight recklessly!
You are too injured to fight recklessly!
The foxfire hits the hobgoblin.
The hobgoblin is heavily wounded.
The foxfire hits the endoplasm.
You kill the endoplasm!
There is an open door here.
The hobgoblin attacks as you move away! The hobgoblin hits you.
You hit the hobgoblin.
The hobgoblin is almost dead.
The hobgoblin hits you.
* * * LOW HITPOINT WARNING * * *
You hit the hobgoblin but do no damage.
The hobgoblin is almost dead.
The hobgoblin hits you.
You die...

.....#.# #.# #.#
###........# #.#
##.#.##### #.# ##+#..
#.# ##...## #.# #.....#
###.# .......## ##.#.#
........####....####.###
.......gg@..............
........####....####.###
.......## ##.### #.....#
#.# ##...# #.# ..... #.#
###. #.# #. #.# #.#


You could see 2 hobgoblins.

Vanquished Creatures
  A ball python (D:1)
  2 endoplasms (D:1)
  A giant cockroach (D:1)
  2 bats (D:1)
  2 kobolds (D:1)
8 creatures vanquished.

Vanquished Creatures (others)
  32 foxfires (D:1)
32 creatures vanquished.

Grand Total: 40 creatures vanquished

Notes
Turn   | Place    | Note
-------+----------+-------------------------------------------
     0 | D:1      | Mune the Human Fire Elementalist began the quest for the
                  | Orb.
     0 | D:1      | Reached XP level 1. HP: 13/13 MP: 3/3
   492 | D:1      | Reached XP level 2. HP: 19/19 MP: 0/5
   565 | D:1      | Slain by a hobgoblin

Illustrated notes

Levels and vault maps discovered:
D:1:      evilmike_arrival_hilbert_curve, layout_loops_corners,
          shapermc_ecumenical_altar_mp_highgroup, serial_bayou_ford_a,
          minmay_lizard_pond

Action                     || total
---------------------------++-------
  Melee: Dagger            ||     2
   Cast: Foxfire           ||    19
 Armour: Robe              ||     1
  Dodge: Dodged            ||     4
